 Dungeon Crawl Stone Soup version 0.31-a0-854-g362426d53f (webtiles) character file.

Game seed: 16305363433591833332

14 promet the Sneak (level 2, 0/18 HPs)
             Began as a Kobold Brigand on Oct 7, 2023.
             Slain by a gnoll
             ... wielding a +0 whip
              (5 damage)
             ... on level 1 of the Dungeon on Oct 8, 2023.
             The game lasted 00:04:26 (679 turns).

promet the Sneak (Kobold Brigand)                    Turns: 679, Time: 00:04:27

Health: 0/18       AC:  3    Str:  8    XL:     2   Next: 60%
Magic:  2/2        EV: 14    Int: 12    God:
Gold:   34         SH:  0    Dex: 16    Spells: 1/1 levels left

rFire   . . .        a - +2 dagger
rCold   . . .        (no shield)
rNeg    . . .        b - +0 robe
rPois   .            (no helmet)
rElec   .            c - +0 cloak
rCorr   .            (no gloves)
SInv    .            (no boots)
Will    .....        (no amulet)
Stlth   ++++         (no ring)
HPRegen 0.23/turn    (no ring)
MPRegen 0.08/turn

%: no passive effects
@: no status effects
A: small, no large weapons, nightstalker 3
a: no special abilities


You were on level 1 of the Dungeon.
You visited 1 branch of the dungeon, and saw 1 of its levels.

You collected 34 gold pieces.

Inventory:

Hand Weapons
 a - a +2 dagger (weapon)
Missiles
 d - 8 poisoned darts (quivered)
 e - 3 curare-tipped darts
 f - 3 atropa-tipped darts
Armour
 b - a +0 robe (worn)
 c - a +0 cloak (worn)
Scrolls
 i - a scroll of identify {unknown}
Potions
 g - a potion of curing {unknown}


   Skills:
 * Level 2.5 Fighting
 + Level 2.8 Short Blades
 + Level 2.1 Throwing
 + Level 1.2 Dodging
 + Level 5.9 Stealth


You had one spell level left.
You didn't know any spells.
Your spell library was empty.

Dungeon Overview and Level Annotations

Branches:
Dungeon (1/15)

Altars:


Innate Abilities, Weirdness & Mutations

You are small and have problems with some larger weapons.
You are completely attuned to the shadows.


Message History

As you read the scroll labelled AMEXKEI TIYJUA, it crumbles to dust.
You feel aware of your surroundings.
It was a scroll of revelation.
Welcome back, promet the Kobold Brigand.
Press ? for a list of commands and other information.
A gnoll comes into view. It is wielding a +0 whip.
The gnoll shouts!
You hear an angry hiss.
You hit the gnoll.
The gnoll is moderately wounded.
The gnoll hits you with a +0 whip.
You hit the gnoll but do no damage.
The gnoll is moderately wounded.
The gnoll hits you with a +0 whip.
Throw: 9 darts (poison)
Press: ? - help, Q - select action, (/) - cycle Shift-Dir - straight line, f - gnoll
Aim: a gnoll, wielding a +0 whip (moderately wounded, 63% to hit)
You throw a poisoned dart. The poisoned dart hits the gnoll.
The gnoll is moderately wounded.
The gnoll closely misses you.
You hit the gnoll but do no damage.
The gnoll is moderately wounded.
The gnoll hits you with a +0 whip.
* * * LOW HITPOINT WARNING * * *
You hit the gnoll.
The gnoll is heavily wounded.
The gnoll barely misses you.
You hit the gnoll but do no damage.
The gnoll is heavily wounded.
You hit the gnoll but do no damage.
The gnoll is heavily wounded.
The gnoll hits you with a +0 whip.
* * * LOW HITPOINT WARNING * * *
You hit the gnoll.
The gnoll is severely wounded.
The gnoll hits you but does no damage.
A frilled lizard comes into view.
The frilled lizard hisses angrily.
You hit the gnoll but do no damage.
The gnoll is severely wounded.
The gnoll hits you with a +0 whip.
You die...

.# *.# *,*
*,,,*,,,,*,*,**,,* .#
****.#
*,***,**,****,,*,,*,,*
.# *,,,.# *,,,,,**,*
*,,**,*,,* .# *,****
***,****,* *,,*#.#..# .#
*,* #,* ##.####..##.#..#
.# *,* #.*
##.####..#.#...# .# *,*
*#l#*##......>.###... .#
*,*
**,#g########..#.#....
## *,*
**,**#@#...............
*,******,**
##..####.#........
*,,,,,,,**
##.#....#...##...
###********,**
**.##.#..###.##.## ..#
**,***.....#.......#.#
#.#
****,*.#.*,,###.#.....##
#.#
*,>,,,,,,*,,,...#....##.
#.##
*,**,,*,,***.#..###..##.
...#
*,***,*,,,,,,#...,,..##.


You could see a gnoll and a frilled lizard.

Vanquished Creatures
  A dart slug (D:1)
  A ball python (D:1)
  3 endoplasms (D:1)
  A goblin (D:1)
  A quokka (D:1)
  A frilled lizard (D:1)
  4 rats (D:1)
12 creatures vanquished.

Notes
Turn   | Place    | Note
-------+----------+-------------------------------------------
     0 | D:1      | promet the Kobold Brigand began the quest for the Orb.
     0 | D:1      | Reached XP level 1. HP: 12/12 MP: 1/1
   216 | D:1      | Reached XP level 2. HP: 18/18 MP: 2/2
   513 | D:1      | Found a faded altar of an unknown god.
   665 | D:1      | Upgraded the game from 0.31-a0-851-g7ff8af7976 to
                  | 0.31-a0-854-g362426d53f
   679 | D:1      | Slain by a gnoll

Illustrated notes

Levels and vault maps discovered:
D:1:      dpeg_arrival_radiant, layout_loops_ring,
          dreamdust_ecumenical_altar_grove, hangedman_decor_points, minivault_11

Action                     || total
---------------------------++-------
  Melee: Dagger            ||    27
  Throw: Dart              ||     1
    Use: Scroll            ||     1
   Stab: Sleeping          ||    10
 Armour: Robe              ||    10
  Dodge: Dodged            ||     6

Table legend: (Time is in decaauts)
 A = Elapsed time spent in this place.
 B = Non-inter-level travel time spent in this place.
 C = Inter-level travel time spent in this place.
 D = Time resting spent in this place.
 E = Time spent auto-exploring this place.
 F = Levels seen in this place.
 G = Mean time per level.
                   A        B        C        D        E       F      G
               +--------+--------+--------+--------+--------+-----+--------+
         Total |    675 |    675 |      0 |    116 |    127 |   1 |  675.0 |
       Dungeon |    675 |    675 |      0 |    116 |    127 |   1 |  675.0 |
               +--------+--------+--------+--------+--------+-----+--------+

Top non-repeatable levels by time:
     D:1: 675 daAuts
